Map: Apotheosis LE

Players

FenLore - Winner!

  • Race: Protoss Protoss
  • League: Platinum

Nickos

  • Race: Terran Terran
  • League: Gold

VOD

Have the link to the VOD?

Description

Time

  • Played on: Sept. 30, 2016, 6:57 a.m.
  • Length: 10:52
Show
View Real Time Build Order
Export as new Build Order

FenLore Protoss - Winner!

Build Orders:  

Get SALT Encoding   

  12  0:01  Probe (Chrono Boost)  
  13  0:11  Probe (Chrono Boost)  
  14  0:17  Pylon  
  14  0:22  Probe (Chrono Boost)  
  15  0:35  Probe (Chrono Boost)  
  16  0:38  Gateway  
  16  0:46  Probe (Chrono Boost)  
  16  0:49  Assimilator  
  17  0:56  Probe (Chrono Boost)  
  18  1:02  Forge  
  18  1:07  Probe (Chrono Boost)  
  19  1:19  Probe (Chrono Boost)  
  19  1:25  Cybernetics Core  
  20  1:29  Probe (Chrono Boost)  
  20  1:31  Pylon  
  21  1:54  Warp Gate  
  21  2:01  Nexus  
  21  2:05  Stalker  
  21  2:14  Probe (Chrono Boost)  
  24  2:26  Probe (Chrono Boost), Assimilator  
  25  2:39  Probe (Chrono Boost)  
  26  2:51  Probe (Chrono Boost)  
  27  2:53  Robotics Facility  
  27  2:55  Gateway  
  27  3:03  Probe (Chrono Boost)  
  29  3:13  Probe (Chrono Boost)  
  29  3:16  Protoss Ground Armor Level 1, Mothership Core (Chrono Boost)  
  31  3:23  Probe (Chrono Boost)  
  32  3:31  Assimilator  
  32  3:34  Probe (Chrono Boost)  
  33  3:36  Probe (Chrono Boost)  
  33  3:38  Pylon  
  34  3:44  Probe (Chrono Boost)  
  35  3:54  Observer  
  35  3:55  Probe (Chrono Boost)  
  37  3:59  Zealot x2  
  42  4:02  Probe (Chrono Boost)  
  42  4:05  Probe (Chrono Boost)  
  42  4:06  Assimilator  
  43  4:10  Pylon  
  43  4:14  Probe (Chrono Boost)  
  43  4:16  Probe (Chrono Boost), Photon Cannon  
  45  4:22  Pylon  
  45  4:23  Sentry x2  
  49  4:26  Probe (Chrono Boost)  
  49  4:27  Probe (Chrono Boost)  
  51  4:37  Probe (Chrono Boost)  
  52  4:42  Immortal  
  57  4:47  Probe (Chrono Boost)  
  57  4:48  Probe (Chrono Boost)  
  57  4:50  Pylon  
  58  4:55  Protoss Ground Weapons Level 1  
  58  4:59  Probe (Chrono Boost), Adept, Twilight Council  
  61  5:00  Adept  
  63  5:08  Probe (Chrono Boost)  
  63  5:13  Photon Cannon  
  64  5:24  Zealot x2  
  64  5:25  Charge  
  68  5:28  Immortal  
  72  5:41  Pylon  
  72  5:56  Zealot  
  74  5:57  Zealot  
  76  6:04  Gateway  
  76  6:06  Gateway  
  76  6:08  Gateway  
  76  6:10  Gateway  
  76  6:13  Photon Cannon  
  76  6:20  Stalker x2  
  80  6:29  Pylon  
  80  6:32  Immortal  
  84  6:35  Protoss Shields Level 1  
  84  6:48  Stalker  
  84  6:49  Stalker  
  84  6:50  Blink  
  84  6:51  Pylon  
  88  7:07  Pylon  
  88  7:08  Stalker x3  
  92  7:12  Adept  
  96  7:26  Pylon  
  96  7:39  Zealot x6  
  107  8:03  Zealot x4  
  107  8:04  Zealot x2  
  87  8:36  Zealot x6  
  99  8:58  Stalker x4  
  99  8:59  Stalker  
  109  9:24  Nexus  
  72  10:01  Zealot x6  
  78  10:34  Zealot  
  78  10:35  Zealot x5  
Show
View Real Time Build Order
Export as new Build Order

Nickos Terran 

Build Orders:  

Get SALT Encoding   

  12  0:01  SCV  
  13  0:13  SCV  
  14  0:17  Supply Depot  
  14  0:25  SCV  
  15  0:39  SCV  
  15  0:40  Barracks  
  16  0:51  SCV  
  17  1:09  SCV  
  18  1:18  Command Center  
  18  1:21  SCV  
  19  1:27  Marine  
  20  1:33  Orbital Command  
  20  1:42  Supply Depot  
  20  2:04  SCV  
  20  2:05  Marine  
  22  2:09  Barracks x2  
  22  2:20  SCV  
  23  2:22  Marine  
  24  2:32  Orbital Command, SCV  
  25  2:43  Refinery  
  25  2:44  Refinery, Marine, SCV  
  26  2:51  Bunker  
  26  2:56  SCV  
  27  3:02  Marine  
  27  3:03  Marine x2  
  30  3:08  SCV x2  
  32  3:19  Supply Depot  
  32  3:20  SCV  
  32  3:22  Barracks Tech Lab  
  32  3:24  Barracks Reactor  
  33  3:33  SCV x2  
  35  3:37  Barracks Reactor  
  35  3:45  SCV x2  
  35  3:46  Marine  
  38  3:49  Factory  
  38  3:54  Supply Depot  
  38  3:57  SCV  
  38  3:58  SCV  
  40  4:05  Marine x2  
  40  4:06  Marine  
  40  4:09  SCV  
  44  4:10  SCV  
  44  4:15  Marine x2  
  47  4:17  Supply Depot  
  47  4:20  Engineering Bay  
  47  4:21  Engineering Bay, SCV  
  47  4:22  SCV  
  47  4:23  Marine  
  50  4:25  Marine  
  50  4:29  Marauder  
  53  4:34  SCV x2  
  53  4:35  Factory Reactor  
  55  4:38  Starport  
  55  4:41  Supply Depot  
  55  4:47  SCV x2  
  55  4:48  Marine  
  55  4:49  Marine x3  
  55  4:51  Terran Infantry Weapons Level 1  
  61  4:58  Terran Infantry Armor Level 1  
  61  4:59  SCV  
  62  5:08  SCV  
  63  5:18  Marine x4  
  63  5:19  Marine  
  67  5:29  SCV x2  
  69  5:36  Marine  
  69  5:40  Marine x3  
  69  5:41  Medivac x2  
  77  5:43  Supply Depot  
  77  5:46  Command Center  
  77  5:47  Marauder  
  79  5:51  Missile Turret  
  79  5:56  Marine  
  80  5:58  SCV x2  
  80  6:02  Missile Turret, Marine x2  
  84  6:08  Marauder  
  84  6:10  SCV  
  87  6:14  Medivac  
  89  6:22  Marine, SCV x2  
  89  6:23  Marine x2  
  94  6:32  Barracks  
  94  6:33  Barracks  
  94  6:52  Armory  
  94  6:57  Supply Depot  
  94  6:58  SCV, Marauder, Marine x4  
  94  7:00  Factory Tech Lab, Missile Turret  
  101  7:01  Medivac  
  103  7:16  Planetary Fortress, Marine x2  
  103  7:20  Refinery  
  103  7:22  Refinery  
  105  7:23  Barracks Tech Lab  
  105  7:56  Marine  
  105  7:57  Marine x3  
  108  8:01  Marauder x2  
  108  8:02  Marine  
  112  8:14  Marine x2  
  112  8:15  Medivac x2, Marine x2  
  120  8:20  Marine  
  120  8:21  Marine  
  120  8:22  Marauder  
  117  8:31  SCV x3  
  88  8:37  Stimpack  
  88  8:38  Marine x4  
  92  8:51  Refinery  
  92  8:55  SCV  
  93  8:58  Marine x2  
  93  8:59  Marine  
  93  9:01  Marine  
  93  9:02  Marine x2  
  99  9:03  Bunker  
  99  9:04  Viking x2  
  99  9:05  Bunker  
  99  9:06  Marauder  
  99  9:07  Bunker  
  105  9:10  SCV x3  
  108  9:20  Marine, Marauder  
  108  9:21  Barracks Tech Lab, Marine x2  
  108  9:22  SCV  
  108  9:23  Supply Depot  
  114  9:25  Supply Depot  
  114  9:28  Marauder  
  114  9:30  Barracks  
  104  9:50  Marine x4  
  104  9:51  Marauder  
  104  9:52  Marauder x2  
  68  10:08  Marine x4  
  68  10:13  Marauder x2, Marine  
  62  10:26  Marine x4  
  58  10:30  Marine  
  58  10:34  Marine x2  
Tags
 
Add a new tag
Caveats
  • Supply blocks, unpowered buildings, or Contaminate may cause inaccurate times.
  • Supply counts are checked every 10 seconds.